 Dungeon Crawl Stone Soup version 0.29.1-1-gd02db6906a (webtiles) character file.

Game seed: 17566294631358330867

37 masschaos23 the Trooper (level 3, 0/33 HPs)
             Began as a Hill Orc Fighter on Sept 15, 2022.
             Succumbed to a kobold's poison
             ... on level 1 of the Dungeon.
             The game lasted 00:00:33 (656 turns).

masschaos23 the Trooper (Hill Orc Fighter)           Turns: 656, Time: 00:00:34

Health: 0/33       AC:  7    Str: 20    XL:     3   Next: 41%
Magic:  3/3        EV:  9    Int:  8    God:
Gold:   53         SH:  4    Dex: 10    Spells: 2/2 levels left

rFire   . . .      SeeInvis .   a - +0 war axe
rCold   . . .      Faith    .   c - +0 buckler
rNeg    . . .      Spirit   .   b - +0 scale mail
rPois   .          Reflect  .   (no helmet)
rElec   .          Harm     .   (no cloak)
rCorr   .          Rampage  .   (no gloves)
Will    .....                   (no boots)
Stlth   ..........              (no amulet)
HPRegen 0.11/turn               (no ring)
MPRegen 0.08/turn               (no ring)

@: brilliant, lethally poisoned (0 -> -2), attractive
A: no striking features
a: no special abilities


You were on level 1 of the Dungeon.
You visited 1 branch of the dungeon, and saw 1 of its levels.

You collected 53 gold pieces.

Inventory:

Hand Weapons
 a - a +0 war axe (weapon)
Armour
 b - a +0 scale mail (worn)
 c - a +0 buckler (worn)
Jewellery
 f - a ring of fire
 j - a +4 ring of protection
Scrolls
 g - a scroll of poison {unknown}
 h - a scroll of identify {unknown}
Potions
 d - a potion of might


   Skills:
 + Level 4.1 Fighting
 + Level 3.2 Axes
 + Level 3.8 Armour
 + Level 0.1 Dodging
 + Level 3.7 Shields


You had 2 spell levels left.
You didn't know any spells.
Your spell library was empty.

Dungeon Overview and Level Annotations

Branches:
Dungeon (1/15)

Altars:


Message History

You closely miss the hobgoblin. You hit the kobold.
You feel very sick. You block the hobgoblin's attack.
The kobold hits you with a +0 dagger of venom.
There are monsters nearby!
You closely miss the kobold.
The kobold is moderately wounded.
You hit the hobgoblin but do no damage.
You feel very sick.
The kobold hits you with a +0 dagger of venom.
You are lethally poisoned!
The hobgoblin hits you.
The hobgoblin hits you but does no damage.
The kobold hits you with a +0 dagger of venom.
You hit the hobgoblin.
The hobgoblin is heavily wounded.
You hit the kobold.
You kill the kobold!
You feel very sick. The hobgoblin closely misses you.
You closely miss the hobgoblin.
The hobgoblin is heavily wounded.
* * * LOW HITPOINT WARNING * * *
You feel very sick.
The hobgoblin hits you but does no damage.
You hit the hobgoblin.
You kill the hobgoblin!
* * * LOW HITPOINT WARNING * * *
You feel very sick.
* * * LOW HITPOINT WARNING * * *
You feel sick.
* * * LOW HITPOINT WARNING * * *
You feel sick.
It was a potion of brilliance.
You feel clever all of a sudden.
* * * LOW HITPOINT WARNING * * *
You feel sick.
It was a potion of attraction.
You feel attractive to monsters.
You die...

#...................#.#
#.##
###........#.(......>..
##.##
#........####.#####.#
##..
##...########.....>.#
###
##...†.......####### #
###########.# #.#
#.###### #@..)..#
#.####..... #.. ..#
#..# # #.## #.# #.. ###


There were no monsters in sight!

Vanquished Creatures
  A gnoll (D:1)
  A dart slug (D:1)
  An endoplasm (D:1)
  A giant cockroach (D:1)
  3 hobgoblins (D:1)
  4 jackals (D:1)
  2 quokkas (D:1)
  A ball python (D:1)
  A bat (D:1)
  3 frilled lizards (D:1)
  4 goblins (D:1)
  3 kobolds (D:1)
  A rat (D:1)
26 creatures vanquished.

Notes
Turn   | Place    | Note
-------+----------+-------------------------------------------
     0 | D:1      | masschaos23 the Hill Orc Fighter began the quest for the
                  | Orb.
     0 | D:1      | Reached XP level 1. HP: 19/19 MP: 1/1
    75 | D:1      | Reached XP level 2. HP: 27/27 MP: 2/2
   117 | D:1      | Reached skill level 4 in Fighting
   250 | D:1      | Found a faded altar of an unknown god.
   261 | D:1      | Reached XP level 3. HP: 33/33 MP: 3/3
   655 | D:1      | HP: 1/33 [poisoned by a kobold]
   656 | D:1      | Succumbed to a kobold's poison

Illustrated notes

Levels and vault maps discovered:
D:1:      dpeg_arrival_morbid_curiosity, layout_loops_ring,
          chequers_ecumenical_altar_simple_redux, minmay_tetromino_i2

Skill      XL: |  1  2 |
---------------+-------+-----
Fighting       | 4 |  4.1
Axes           | 3 |  3.2
Armour         | |  3.8
Dodging        | |  0.1
Shields        | |  3.7

Action                   || total
-------------------------++-------
Melee: War axe           ||    70
  Use: Potion            ||     2
Armor: Scale mail        ||    33
Dodge: Dodged            ||    35
Block: Buckler           ||    17
